 Dungeon Crawl Stone Soup version 0.27-a0-1590-g15f69828bf (webtiles) character file.

Game seed: 2786243159989940305

50218 Demosthentine the Spry (level 14, -3/116 HPs)
             Began as a Merfolk Gladiator on July 19, 2021.
             Was a High Priest of the Shining One.
             Killed by divine providence
             ... invoked by a meliai
              (6 damage)
             ... while petrified by a basilisk
             ... on level 14 of the Dungeon.
             The game lasted 00:18:02 (14117 turns).

Demosthentine the Spry (Merfolk Gladiator)         Turns: 14117, Time: 00:18:03

Health: -3/116     AC: 10    Str: 20    XL:     14   Next: 54%
Magic:  20/21      EV:  2    Int:  7    God:    the Shining One [*****.]
Gold:   297        SH:  0    Dex: 19    Spells: 13/13 levels left

rFire    . . .     SeeInvis .   M - +9 trident of Wydymem {vorpal, Str+4}
rCold    + . .     Faith    .   g - +0 buckler
rNeg     + + +     Spirit   .   e - +1 troll leather armour {Snorg}
rPois    ∞         Reflect  .   c - +0 helmet
rElec    .         Harm     .   (no cloak)
rCorr    .         Rampage  .   f - +1 pair of gloves
Will     +....                  t - +0 pair of boots
Stlth    +.........             (no amulet)
HPRegen  1.29/turn              i - ring of poison resistance
MPRegen  0.17/turn              C - ring of protection from cold

@: divinely shielded, petrified, glowing, studying Dodging
A: (nimble swimmer 2), mertail
a: Renounce Religion, Divine Shield, Cleansing Flame, Summon Divine Warrior


You were on level 14 of the Dungeon.
You worshipped the Shining One.
The Shining One was extremely pleased with you.
You visited 2 branches of the dungeon, and saw 15 of its levels.

You collected 1430 gold pieces.
You spent 1133 gold pieces at shops.

Inventory:

Hand Weapons
 M - the +9 trident of Wydymem (weapon) {vorpal, Str+4}
   (You found it on level 13 of the Dungeon)

   It inflicts extra damage upon your enemies.
   Str:       It affects your strength (+4).
Missiles
 d - 2 throwing nets (quivered)
 h - a curare-tipped dart
 n - 5 boomerangs of dispersal
Armour
 c - a +0 helmet (worn)
 e - a +1 troll leather armour (worn) {Snorg}
 f - a +1 pair of gloves (worn)
 g - a +0 buckler (worn)
 t - a +0 pair of boots (worn)
 A - the +2 cloak of Paranoia {Harm rF- Will+++ rCorr}
   (You acquired it on level 9 of the Dungeon)

   rF:        It makes you vulnerable to fire.
   rCorr:     It protects you from acid and corrosion.
   Harm:      It increases damage dealt and taken.
   Will:      It greatly increases your willpower.
Jewellery
 i - a ring of poison resistance (left hand)
 C - a ring of protection from cold (right hand)
 E - an amulet of magic regeneration
Wands
 s - a wand of iceblast (22)
 u - a wand of acid (25)
 y - a wand of paralysis (7)
 F - a wand of charming (7)
 I - a wand of mindburst (15)
 J - a wand of flame (39)
Scrolls
 j - 5 scrolls of magic mapping
 k - 6 scrolls of teleportation
 x - 2 scrolls of fear
 z - a scroll of amnesia
 B - 3 scrolls of enchant armour
 G - a scroll of fog
 H - 2 scrolls of blinking
 K - a scroll of holy word
 L - a scroll of brand weapon
Potions
 b - 2 potions of magic
 l - 2 potions of brilliance
 m - 8 potions of curing
 o - 3 potions of heal wounds
 p - 2 potions of attraction
 q - 3 potions of flight
 r - 2 potions of ambrosia
 v - a potion of mutation
 w - a potion of resistance


   Skills:
 + Level 12.9 Fighting
 + Level 16.3 Polearms
 - Level 2.0 Throwing
 - Level 5.2 Armour
 + Level 18.8 Dodging
 - Level 4.0 Shields
 + Level 10.5 Invocations


You had 13 spell levels left.
You didn't know any spells.
Your spell library contained the following spells:

 Spells                   Type           Power      Damage    Failure   Level
 Corona                   Hex            0%         N/A       47%         1
 Blink                    Tloc           N/A        N/A       63%         2
 Ensorcelled Hibernation  Hex/Ice        0%         N/A       63%         2
 Slow                     Hex            0%         N/A       63%         2
 Confusing Touch          Hex            0%         N/A       85%         3
 Gell's Gravitas          Tloc           0%         N/A       85%         3
 Lesser Beckoning         Tloc           0%         N/A       85%         3
 Teleport Other           Tloc           0%         N/A       85%         3
 Tukima's Dance           Hex            0%         N/A       85%         3
 Vampiric Draining        Necr           0%         2d6       85%         3
 Hailstorm                Conj/Ice       0%         3d3       99%         4
 Ice Form                 Ice/Tmut       0%         N/A       99%         4
 Summon Ice Beast         Ice/Summ       0%         N/A       99%         4
 Fireball                 Conj/Fire      0%         3d3       100%        5
 Iskenderun's Battlesphe  Conj           0%         2d6       100%        5
 Manifold Assault         Tloc           0%         N/A       100%        5
 Summon Mana Viper        Hex/Summ       0%         N/A       100%        5
 Iron Shot                Conj/Erth      0%         9d1       100%        6
 Simulacrum               Ice/Necr       0%         N/A       100%        6
 Starburst                Conj/Fire      0%         8x6d3     100%        6
 Monstrous Menagerie      Summ           0%         N/A       100%        7
 Spellforged Servitor     Conj/Summ      0%         N/A       100%        7
 Storm Form               Tmut/Air       0%         N/A       100%        7
 Ignition                 Fire           0%         3d3       100%        8


Dungeon Overview and Level Annotations

Branches:
Dungeon (14/15)            Temple (1/1) D:5            Lair (0/6) D:9
    Orc (0/2) D:10         Vaults (0/5) D:13

Altars:
Ashenzari
Cheibriados
Dithmenos
Elyvilon
Fedhas
Gozag
Hepliaklqana
Kikubaaqudgha
Makhleb
Nemelex Xobeh
Okawaru
Qazlal
Ru
Sif Muna
Trog
Uskayaw
Vehumet
Wu Jian
Xom
Yredelemnul
Zin
The Shining One

Shops:
D:3 !   D:5 *   D:9 ?   D:11 *   D:12 [

Annotations:
D:9 exclusion: ice statue


Innate Abilities, Weirdness & Mutations

((You are quick and stealthy near water. (Stealth+, EV+, Speed+++)))
Your lower body shifts to a powerful aquatic tail in water.


Message History

The killer bee buzzes angrily.
You hear two shouts!
You hear a shout!
The meliai hits you with a +0 hand axe.
* * * LOW HITPOINT WARNING * * *
The meliai stings you but does no damage.
A killer bee comes into view.
The killer bee stings you!
* * * LOW HITPOINT WARNING * * *
The killer bee stings you but does no damage.
The meliai completely misses you.
The meliai stings you but does no damage.
The killer bee stings you.
* * * LOW HITPOINT WARNING * * *
The killer bee stings you but does no damage.
A killer bee comes into view.
The killer bee stings you but does no damage.
The killer bee stings you.
* * * LOW HITPOINT WARNING * * *
The killer bee buzzes angrily.
You hear an angry buzzing noise.
A meliai comes into view. It is wielding a +0 hand axe.
The meliai hits you with a +0 hand axe.
* * * LOW HITPOINT WARNING * * *
The meliai stings you but does no damage.
The killer bee stings you but does no damage. x2
The killer bee stings you.
The killer bee stings you but does no damage.
The meliai hits you but does no damage. The meliai stings you.
* * * LOW HITPOINT WARNING * * *
The killer bee stings you!
* * * LOW HITPOINT WARNING * * *
The killer bee stings you.
* * * LOW HITPOINT WARNING * * *
A killer bee comes into view.
The killer bee stings you.
* * * LOW HITPOINT WARNING * * *
The killer bee stings you but does no damage.
You hear an angry buzzing noise.
You hear an angry buzzing noise.
You hear a horrible gurgling sound!
The meliai mumbles some strange prayers to its god against you.
Something smites you!
You die...

..y#
..#
.y###
.y#.##
#y...##
#yyy..#
#yy...#
#@yl..#
#yy..##
.y#.##
..y###
....#
.....#
##...##
##.#


You could see a basilisk, 2 meliai and 12 killer bees.

Vanquished Creatures
  Snorg (D:11)
  3 boulder beetles
  A centaur warrior (D:13)
  Fannar (D:10)
  3 vault guards (D:13)
  Erica (D:9)
  3 two-headed ogres
  Nergalle (D:11)
  The ghost of ojifijod the Basher, a novice GrFi of Okawaru (D:9)
  Urug (D:10)
  4 skeletal warriors
  A sea snake (shapeshifter) (D:9)
  Pikel (D:9)
  2 deep elf pyromancers
  2 manticores (D:11)
  3 ugly things
  2 cyclopes
  An elephant (D:9)
  A gargoyle (D:13)
  A kobold demonologist (D:9)
  An unseen horror (D:11)
  Maggie (D:10)
  4 trolls
  Prince Ribbit (D:6)
  3 slime creatures (D:13)
  2 wyverns (D:9)
  A shadow (D:12)
  A vampire (D:10)
  14 humans
  2 wraiths
  11 yaks
  2 basilisks
  9 vampire mosquitoes
  Menkaure (D:6)
  A warg (D:10)
  4 acid dragons
  2 water moccasins (D:9)
  3 ice beasts (D:5)
  6 orc warriors
  4 black bears
  A hornet zombie (D:8)
  4 ogres
  A black bear (shapeshifter) (D:13)
  3 necrophages
  13 centaurs
  A lemure (D:9)
  5 kobold brigands
  2 bullfrogs
  3 gnoll sergeants
  4 scorpions
  A water moccasin zombie (D:5)
  2 water moccasin skeletons
  4 killer bees (D:10)
  10 wights
  6 howler monkeys
  2 centaur zombies
  2 bullfrog zombies (D:5)
  A jelly (D:4)
  3 hounds
  A gnoll shaman (D:9)
  9 orc priests
  2 bullfrog skeletons (D:6)
  An iguana (D:6)
  17 orc wizards
  3 killer bee zombies
  A howler monkey zombie (D:8)
  11 gnolls
  9 adders
  2 ufetubi
  2 adder skeletons (D:4)
  A worm (D:3)
  3 dart slugs
  43 orcs
  4 bats
  7 endoplasms
  4 giant cockroaches
  4 goblins
  9 hobgoblins
  11 jackals
  14 kobolds
  5 quokkas
  10 ball pythons
  5 frilled lizards
  8 rats
361 creatures vanquished.

Notes
Turn   | Place    | Note
-------+----------+-------------------------------------------
     0 | D:1      | Demosthentine the Merfolk Gladiator began the quest for the
                  | Orb.
     0 | D:1      | Reached XP level 1. HP: 16/16 MP: 1/1
   156 | D:1      | Reached XP level 2. HP: 22/23 MP: 2/2
   246 | D:1      | HP: 1/23 [goblin (1)]
   605 | D:1      | Reached XP level 3. HP: 26/28 MP: 3/3
   743 | D:1      | Reached skill level 5 in Polearms
  1104 | D:2      | Found a glowing silver altar of Zin.
  1131 | D:2      | Found a faded altar of an unknown god.
  1179 | D:2      | Reached skill level 1 in Armour
  1179 | D:2      | Reached XP level 4. HP: 27/34 MP: 4/4
  1636 | D:3      | Found Wametyn's Distillery.
  1642 | D:3      | Bought a potion of curing for 42 gold pieces
  1751 | D:3      | Reached skill level 1 in Shields
  1806 | D:3      | Reached XP level 5. HP: 33/41 MP: 5/5
  1874 | D:3      | Reached skill level 5 in Dodging
  2326 | D:4      | Found an opulent altar of Gozag.
  2329 | D:4      | Noticed an orc warrior
  2547 | D:4      | HP: 1/41 [orc warrior (5)]
  3023 | D:4      | Killed an orc warrior
  3024 | D:4      | Reached XP level 6. HP: 29/48 MP: 6/6
  3091 | D:4      | Noticed a black bear
  3097 | D:4      | Killed a black bear
  3147 | D:4      | Reached XP level 7. HP: 27/54 MP: 7/7
  3470 | D:4      | Reached skill level 6 in Dodging
  3632 | D:5      | Entered Level 5 of the Dungeon
  3688 | D:5      | Found Rycvoud's General Store.
  3701 | D:5      | Identified the +6 falchion of the Shining Light {vorpal,
                  | Dex+3}
  3892 | D:5      | Reached XP level 8. HP: 61/61 MP: 8/8
  3927 | D:5      | Reached skill level 5 in Fighting
  4077 | D:5      | Found a staircase to the Ecumenical Temple.
  4099 | D:5      | Reached skill level 7 in Dodging
  4106 | Temple   | Entered the Ecumenical Temple
  4392 | Temple   | Became a worshipper of the Shining One
  5219 | D:6      | Reached XP level 9. HP: 58/69 MP: 9/9
  5223 | D:6      | Reached skill level 8 in Dodging
  5374 | D:6      | Noticed Prince Ribbit
  5381 | D:6      | Killed Prince Ribbit
  5488 | D:6      | Reached * piety under the Shining One
  5503 | D:6      | Reached skill level 9 in Dodging
  5512 | D:6      | Reached skill level 10 in Polearms
  5830 | D:6      | Noticed Menkaure
  5835 | D:6      | Killed Menkaure
  6057 | D:7      | Reached XP level 10. HP: 77/79 MP: 10/10
  6392 | D:7      | Reached skill level 5 in Armour
  6752 | D:7      | Identified a scroll of acquirement
  6752 | D:7      | Acquired a manual of Dodging
  6837 | D:8      | Reached skill level 10 in Dodging
  6846 | D:8      | Reached ** piety under the Shining One
  7756 | D:9      | Noticed a kobold demonologist
  7790 | D:9      | Found a transporter.
  7791 | D:9      | Noticed ojifijod's ghost (novice GrFi)
  7792 | D:9      | Noticed a two-headed ogre
  7807 | D:9      | Noticed an ice statue
  7818 | D:9      | Found a transporter.
  7893 | D:9      | Noticed Erica
  7905 | D:9      | Killed Erica
  7906 | D:9      | Reached skill level 11 in Dodging
  7906 | D:9      | Reached skill level 1 in Invocations
  8152 | D:9      | Identified the +7 chain mail of the Unbroken {rC++ Will+}
  8234 | D:9      | Found Zastrost's Magic Scroll Emporium.
  8239 | D:9      | Bought a scroll of teleportation for 45 gold pieces
  8239 | D:9      | Bought a scroll of teleportation for 45 gold pieces
  8247 | D:9      | Found a staircase to the Lair.
  8247 | D:9      | Noticed an elephant
  8247 | D:9      | Noticed Pikel
  8285 | D:9      | Killed an elephant
  8295 | D:9      | Killed Pikel
  8300 | D:9      | Reached skill level 12 in Dodging
  8300 | D:9      | Reached XP level 11. HP: 46/89 MP: 13/13
  8525 | D:9      | Reached *** piety under the Shining One
  8802 | D:9      | Noticed a two-headed ogre
  8812 | D:9      | Killed a two-headed ogre
  8823 | D:9      | Noticed a boulder beetle
  8888 | D:9      | Noticed a shining eye
  8891 | D:9      | Noticed a sea snake
  8891 | D:9      | a shining eye changed into a sea snake
  8897 | D:9      | Killed a sea snake
  8963 | D:9      | Noticed a green ugly thing
  8971 | D:9      | Killed a green ugly thing
  8972 | D:9      | Reached skill level 13 in Dodging
  9737 | D:9      | Acquired 658 gold pieces
  9753 | D:9      | Bought a scroll of acquirement for 780 gold pieces
  9754 | D:9      | Acquired the +2 cloak of Paranoia {Harm rF- Will+++ rCorr}
  9817 | D:9      | Killed a two-headed ogre
  9818 | D:9      | Reached skill level 5 in Invocations
  9845 | D:9      | Killed ojifijod's ghost
  9849 | D:9      | Reached skill level 10 in Fighting
 10265 | D:9      | Killed a boulder beetle
 10266 | D:9      | Reached skill level 14 in Dodging
 10399 | D:10     | Entered Level 10 of the Dungeon
 10489 | D:10     | Noticed Fannar
 10512 | D:10     | Killed Fannar
 10513 | D:10     | Reached XP level 12. HP: 90/98 MP: 16/16
 10552 | D:10     | Found a staircase to the Orcish Mines.
 11072 | D:10     | Noticed Urug
 11084 | D:10     | Killed Urug
 11243 | D:10     | Noticed Maggie
 11252 | D:10     | Killed Maggie
 11253 | D:10     | Reached skill level 15 in Dodging
 11579 | D:11     | Reached **** piety under the Shining One
 11684 | D:11     | Found Weebema's Assorted Antiques.
 11693 | D:11     | Bought a scroll labelled ENUYZ KUGICO for 26 gold pieces
 11693 | D:11     | Bought a scroll of blinking for 195 gold pieces
 11707 | D:11     | Noticed Snorg
 11771 | D:11     | Killed Snorg
 12112 | D:11     | Noticed Nergalle
 12138 | D:11     | Killed Nergalle
 12396 | D:11     | Noticed a two-headed ogre
 12399 | D:11     | Killed a two-headed ogre
 12400 | D:11     | Reached skill level 16 in Dodging
 12734 | D:12     | Reached XP level 13. HP: 107/107 MP: 19/19
 12903 | D:11     | Reached skill level 15 in Polearms
 12951 | D:12     | Reached skill level 17 in Dodging
 13128 | D:12     | Found Ruomp's Antique Armour Emporium.
 13167 | D:12     | Reached XP level 14. HP: 116/116 MP: 19/21
 13212 | D:13     | Reached ***** piety under the Shining One
 13289 | D:13     | Reached skill level 18 in Dodging
 13466 | D:13     | Identified the +9 trident of Wydymem {vorpal, Str+4}
 13500 | D:13     | Reached skill level 10 in Invocations
 13718 | D:13     | Found a gate to the Vaults.
 14079 | D:14     | Found a glowing silver altar of Zin.
 14116 | D:14     | HP: 5/116 [killer bee (1)]
 14116 | D:14     | HP: 2/116 [killer bee (3)]
 14117 | D:14     | Killed from afar by a meliai

Illustrated notes

Levels and vault maps discovered:
D:1:      elethiomel_arrival_infinity_welcomes_careful_drivers, layout_basic
D:2:      layout_rooms, basic_altar, basic_ecumenical_altar, minmay_tetromino_o4
D:3:      layout_basic, serial_shops, shop
D:4:      layout_loops_ring, mainiacjoe_overflow_brackets
D:5:      layout_layer_cave, minmay_temple_entry_stoned_glass, serial_shops,
          shop
D:6:      cheibrodos_barr_body, layout_basic, chequers_arboretum, minivault_27,
          minmay_ruffians, uniq_menkaure, uniq_prince_ribbit1
D:7:      layout_loops_corners, kennysheep_boxes
D:8:      layout_basic
D:9:      minmay_chambers_of_sixes, layout_basic, david_lair_generic,
          nzn_ghost_randoct, serial_shops, nicolae_square_shop, uniq_erica,
          uniq_pikel
D:10:     layout_irregular_city, erik_orc_4, minivault_11, uniq_urug,
          uniq_maggie, uniq_fannar
D:11:     layout_irregular_city, serial_shops, nicolae_stop_n_shop_1,
          uniq_nergalle, uniq_snorg
D:12:     layout_gridville, serial_shops, shop, chequers_serial_rivers_micro_b
D:13:     layout_roguey, ximxim_vaults_locker_room
D:14:     regret_index_combs_of_tragedy, layout_rooms, lemuel_tele_altar,
          nicolae_qazlal_general_emergency, uniq_agnes
Temple:   regret_index_temple_sigil_plot

Skill      XL: |  1  2  3  4  5  6  7  8  9 10 11 12 13 14 |
---------------+-------------------------------------------+-----
Polearms       | 5 6 7 8 10 11 13 14 15 16 | 16.3
Armour         | 1 2 3 4 5 |  5.2
Fighting       | 3 4 5 7 9 10 11 12 | 12.9
Shields        | 1 2 3 4 |  4.0
Dodging        | 5 6 7 9 12 14 16 17 18 | 18.8
Invocations    | 3 6 8 9 10 | 10.5
Throwing       | |  2.0

Action                   |  1- 3 |  4- 6 |  7- 9 | 10-12 | 13-15 || total
-------------------------+-------+-------+-------+-------+-------++-------
Melee: Trident           |   112 |   116 |   136 |   587 |   256 ||  1207
Throw: Throwing net      |       |     2 |       |     1 |       ||     3
Invok: Divine Shield     |       |       |       |       |     1 ||     1
  Use: Scroll            |       |     8 |     1 |    12 |     5 ||    26
       Potion            |       |       |       |     6 |     1 ||     7
 Stab: Sleeping          |     1 |     1 |     2 |       |       ||     4
       Held in net/web   |       |     1 |       |       |       ||     1
       Distracted        |       |     1 |     3 |       |       ||     4
Armor: Leather armour    |    28 |    16 |    15 |    42 |       ||   101
       Troll leather arm |       |       |       |    16 |    38 ||    54
Dodge: Dodged            |    72 |    40 |    53 |   215 |   136 ||   516
Block: Buckler           |       |       |     2 |    62 |    40 ||   104

Table legend: (Time is in decaauts)
 A = Elapsed time spent in this place.
 B = Non-inter-level travel time spent in this place.
 C = Inter-level travel time spent in this place.
 D = Time resting spent in this place.
 E = Time spent auto-exploring this place.
 F = Levels seen in this place.
 G = Mean time per level.
                   A        B        C        D        E       F      G
               +--------+--------+--------+--------+--------+-----+--------+
         Total |  13779 |  13436 |    343 |    497 |  10762 |  15 |  918.6 |
       Dungeon |  13470 |  13128 |    342 |    497 |  10502 |  14 |  962.1 |
        Temple |    308 |    308 |      0 |      0 |    260 |   1 |  308.0 |
               +--------+--------+--------+--------+--------+-----+--------+

Top non-repeatable levels by time:
     D:9: 2575 daAuts
     D:6: 1186 daAuts
    D:10: 1122 daAuts
     D:1: 1108 daAuts
    D:11: 1085 daAuts
     D:3: 1070 daAuts
     D:4: 936 daAuts
     D:8: 927 daAuts
     D:5: 866 daAuts
    D:13: 818 daAuts
     D:7: 788 daAuts
     D:2: 527 daAuts
    D:12: 420 daAuts
  Temple: 308 daAuts
    D:14: 37 daAuts
